 Dungeon Crawl Stone Soup version 0.13-a0-2450-ga447c6a (webtiles) character file.

351 Rycklaryybbe the Sneak (level 5, 0/38 HPs)
             Began as a Vampire Assassin on July 17, 2013.
             Slain by a gnoll
             ... wielding a +0,+0 flail
              (9 damage)
             ... on Level 3 of the Dungeon.
             The game lasted 00:10:02 (3147 turns).

Rycklaryybbe the Sneak (Vampire Assassin)           Turns: 3147, Time: 00:10:02

HP   0/38        AC  3     Str 10      XL: 5   Next:  5%
MP   5/5         EV  6     Int 14      God:
Gold 207         SH  0     Dex 15      Spells:  0 memorised,  4 levels left

Res.Fire  : . . .   See Invis. : +   b - +0 blowgun
Res.Cold  : . . .   Warding    : +   c - +0 robe
Life Prot.: + . .   Conserve   : .   (no shield)
Res.Poison: .       Res.Corr.  : .   (no helmet)
Res.Elec. : .       Clarity    : .   d - +0 cloak
Sust.Abil.: . .     Spirit.Shd : .   (no gloves)
Res.Mut.  : .       Stasis     : .   (no boots)
Res.Rott. : .       Flight     : .   q - amulet of warding
Saprovore : . . .                    (no ring)
                                     (no ring)

@: regenerating quickly, held, slightly resistant to hostile enchantments, very
stealthy
A: fangs 3, see invisible, unbreathing
a: no special abilities


You were on level 3 of the Dungeon.
You were very full.

You visited 1 branch of the dungeon, and saw 3 of its levels.

You collected 157 gold pieces.

Inventory:

Hand weapons
 a - a +2,+2 dagger {=f}
 b - a +0 blowgun (weapon)
 s - a +3,+0 whip of electrocution
 t - a +2,+2 dwarven dagger of returning
Missiles
 e - 3 poisoned needles (quivered)
 f - 2 curare-tipped needles
 m - 8 darts
Armour
 c - a +0 robe (worn)
 d - a +0 cloak (worn)
 y - a +0 cloak
Scrolls
 g - a scroll of fear {unknown}
 i - a scroll of blinking {unknown}
 j - 4 scrolls of remove curse {unknown}
 k - 2 scrolls of identify
 l - a scroll of teleportation {unknown}
 p - 2 scrolls of noise {unknown}
 v - a scroll of fog {unknown}
Jewellery
 q - an amulet of warding (around neck)
 w - an uncursed ring of poison resistance {unknown}
 x - an uncursed amulet of resist mutation {unknown}
Potions
 h - a potion of speed {unknown}
 n - a potion of brilliance {unknown}
 o - a potion of mutation {unknown}
 r - a potion of flight {unknown}
 u - a potion of slowing {unknown}
 z - 2 potions of confusion {unknown}


   Skills:
 - Level 1.7 Fighting
 * Level 5.0 Short Blades
 - Level 1.5 Throwing
 - Level 1.1 Dodging
 + Level 7.1 Stealth


You had 4 spell levels left.
You didn't know any spells.

Dungeon Overview and Level Annotations

Branches:
Dungeon (3/27)

Altars:
Ashenzari

Annotations
D:3 Poody's ghost, average MiBe


Innate Abilities, Weirdness & Mutations

Your natural rate of healing is unusually fast.
You have razor-sharp teeth.*
You have supernaturally acute eyesight.
You can survive without breathing.*


Message History

The gnoll hits you with a flail.
You slip out of the net!
The gnoll completely misses you. The gnoll hits you with a flail.
The gnoll picks up a spear.
Firing (i - inventory. (,) - cycle):
e - 4 poisoned needles (quivered)
Press: ? - help, Shift-Dir - straight line, f - gnoll
Aim: a gnoll, wielding a flail You shoot a poisoned needle.
The poisoned needle hits the gnoll.
The gnoll is poisoned.
The gnoll looks more healthy.
There is an open door here.
The gnoll throws a spear.
The spear misses you.
The gnoll throws a throwing net.
The throwing net hits you!
You become entangled in the net!
You see here a throwing net.
You struggle against the net.
The gnoll hits you with a flail!
* * * LOW HITPOINT WARNING * * *
You try to slip out of the net.
You try to slip out of the net.
The gnoll hits you with a flail!
You die...

.........###'##.......#..........
........##.......#.#.#.##.......
......(.##.......#.#.#.##.######
........##.......#.#............
.......##..g....#)#..###.######
......##.......#.#..#[......#
.....##....)..#.#..#.#.###'##
..##.....g.#.#..#.#.#.....
####..@......#.#.#.....
#....#.#....#.#.....
#....<.#..###.###.##
###....#..#...# #.#
#....#..#.#####.#
#....#..#.....#.#
#....#..#####.#.# #....#..# #.#.#
#....#..# #.#.##


You could see 2 gnolls.

Vanquished Creatures
  3 adders
  A gnoll (D:3)
  A giant mite (D:3)
  An inept feature mimic (D:2)
  A worm (D:3)
  6 giant geckos
  2 oozes
  3 orcs (D:3)
  A ball python (D:2)
  5 bats
  6 giant cockroaches
  8 hobgoblins
  7 jackals
  2 quokkas
  5 giant newts
  9 goblins
  8 kobolds
  2 rats
71 creatures vanquished.

Vanquished Creatures (others)
  A goblin (D:1)
1 creature vanquished.

Grand Total: 72 creatures vanquished

Notes
Turn   | Place    | Note
--------------------------------------------------------------
     0 | D:1      | Rycklaryybbe, the Vampire Assassin, began the quest for the Orb.
     0 | D:1      | Reached XP level 1. HP: 15/15 MP: 1/1
    91 | D:1      | Reached skill level 6 in Stealth
   249 | D:1      | Reached XP level 2. HP: 19/21 MP: 2/2
  1164 | D:2      | Reached XP level 3. HP: 26/26 MP: 3/3
  1628 | D:2      | Reached XP level 4. HP: 28/32 MP: 4/4
  1965 | D:3      | Found a shattered altar of Ashenzari.
  1970 | D:3      | Saw a vision of the Shoals and the Spider Nest.
  1970 | D:3      | Noticed a redback
  1970 | D:3      | Noticed a centaur
  1970 | D:3      | Noticed a merfolk
  1970 | D:3      | Noticed a merfolk
  1970 | D:3      | Noticed a mermaid
  1972 | D:3      | Noticed a redback
  1991 | D:3      | Noticed Poody's ghost (average MiBe)
  2824 | D:3      | Reached skill level 7 in Stealth
  2937 | D:3      | Reached XP level 5. HP: 30/38 MP: 5/5
  2948 | D:3      | Noticed a trapdoor spider
  2972 | D:3      | Reached skill level 5 in Short Blades
  3147 | D:3      | Slain by a gnoll

Action                   |  1- 3 |  4- 6 || total
-------------------------+-------+-------++-------
Melee: Dagger            |    57 |       ||    57
       Whip              |    43 |    78 ||   121
 Fire: Blowgun           |    12 |    12 ||    24
  Use: Scroll            |       |     2 ||     2
 Stab: Sleeping          |    14 |     8 ||    22
       Distracted        |     2 |       ||     2
